 Dungeon Crawl Stone Soup version 0.26.0-45-g9c1d065592 (webtiles) character file.

Game seed: 15888961025812071525

(classic levelgen) 35518 thiole the Slicer (level 13, -4/82 (85) HPs)
             Began as an Octopode Hedge Wizard on Jan 28, 2021.
             Was an Initiate of Gozag.
             Slain by an orc warrior
             ... wielding a cursed -1 halberd
              (23 damage)
             ... while paralysed by an orc sorcerer
             ... on level 2 of the Orcish Mines.
             The game lasted 01:46:20 (25295 turns).

thiole the Slicer (Octopode Hedge Wizard)          Turns: 25295, Time: 01:46:21

HP:   -4/82 (85)    AC: 10    Str: 10    XL:     13   Next: 84%
MP:   29/34         EV:  2    Int: 20    God:    Gozag
Gold: 1871          SH:  0    Dex: 12    Spells: 6/28 levels left

rFire    + + .     SeeInvis .   a - +0 dagger
rCold    . . .     Faith    .   K - +1 buckler {AC+3}
rNeg     + + .     Spirit   .   b - +2 hat
rPois    +         Reflect  .   o - amulet of magic regeneration
rElec    .         Harm     .   p - ring of wizardry
rCorr    .         Rampage  .   D - +4 ring of protection
Will     .....                  G - ring of fire
Stlth    +++++.....             n - ring of positive energy
HPRegen  0.23/turn              J - ring of poison resistance
MPRegen  0.49/turn              V - ring of Naty {rC+ rN+ MP+9 Int-2}
                                y - ring of protection from fire (curse)
                                (no ring)

@: paralysed, gold aura, studying Fighting, lightly drained
A: almost no armour, stealthy swim, amphibious, 8 rings, constrict 8, fangs 1,
camouflage 1, clever 1, frail 1, gelatinous body 1
a: Renounce Religion, Potion Petition, Call Merchant, Bribe Branch


You were on level 2 of the Orcish Mines.
You worshipped Gozag.
Gozag was most pleased with you.
You visited 4 branches of the dungeon, and saw 19 of its levels.
You also visited: Ossuary and Gauntlet.

You collected 3423 gold pieces.
You spent 718 gold pieces at shops.
You paid 834 gold pieces to Gozag.

Inventory:

Hand Weapons
 a - a +0 dagger (weapon)
 l - a +9 short sword of speed
 t - a +2 hunting sling of venom
 F - a +3 long sword of freezing
Missiles
 h - 428 stones
 i - 13 atropa-tipped darts
 X - 13 silver javelins
Armour
 b - a +2 hat (worn)
 B - the +0 buckler of Cloud Cover {rC+ Will+}
   (You found it on level 3 of the Lair of Beasts)

   It protects you from cold.
   It affects your willpower, your defense against some magical effects.
 H - a +2 tower shield of fire resistance
 K - a +1 buckler of protection (worn)
Magical Staves
 v - an uncursed staff of air
 M - an uncursed staff of fire
Jewellery
 c - an uncursed amulet of regeneration
 n - a ring of positive energy (on tentacle)
 o - an amulet of magic regeneration (around mantle)
 p - a ring of wizardry (left tentacle)
 s - an uncursed amulet of guardian spirit
 y - a cursed ring of protection from fire (on tentacle)
 D - a +4 ring of protection (right tentacle)
 G - a ring of fire (on tentacle)
 J - a ring of poison resistance (on tentacle)
 V - the ring of Naty (on tentacle) {rC+ rN+ MP+9 Int-2}
   (You found it in a Gauntlet)

   [ring of magical power]

   It affects your intelligence (-2).
   It protects you from cold.
   It protects you from negative energy.
   It affects your magic capacity (+9).
Wands
 g - a wand of digging (8)
 k - a wand of iceblast (10)
 m - a wand of acid (7)
 u - a wand of enslavement (12)
 w - a wand of paralysis (6)
 x - a wand of flame (39)
 E - a wand of polymorph (8)
 P - a wand of random effects (11)
Scrolls
 e - 3 scrolls of remove curse
 j - 2 scrolls of identify
 A - 4 scrolls of amnesia
 L - a scroll of enchant weapon
 N - 4 scrolls of teleportation
 Q - a scroll of blinking
 U - a scroll of vulnerability
 W - a scroll of fog
Potions
 f - 2 potions of flight
 r - 4 potions of degeneration
 z - 2 potions of curing
 C - 2 potions of magic
 T - 2 potions of cancellation
Books
 I - a manual of Fighting
Miscellaneous
 d - a phial of floods
 O - a tin of tremorstones (2/2)
 R - a phial of floods


   Skills:
 * Level 11.3 Fighting
 - Level 12.0 Short Blades
 - Level 4.0 Staves
 - Level 5.0 Dodging
 - Level 9.0 Stealth
 - Level 4.0 Shields
 - Level 8.0 Spellcasting
 + Level 5.8 Conjurations
 - Level 2.0 Summonings
 - Level 1.0 Translocations
 - Level 3.0 Fire Magic
 - Level 8.0 Air Magic
 - Level 2.0 Poison Magic
 - Level 7.0 Evocations


You had 6 spell levels left.
You knew the following spells:

 Your Spells              Type           Power        Failure   Level
a - Magic Dart            Conj           100%         1%          1
b - Petrify               Tmut/Erth      8%           32%         4
c - Call Imp              Summ           16%          2%          2
d - Mephitic Cloud        Conj/Pois/Air  29%          1%          3
e - Conjure Flame         Conj/Fire      38%          1%          3
f - Lightning Bolt        Conj/Air       17%          6%          5
g - Sticky Flame          Conj/Fire      38%          6%          4

Your spell library contained the following spells:

 Spells                   Type           Power        Failure   Level
 Foxfire                  Conj/Fire      100%         1%          1
 Animate Skeleton         Necr           16%          3%          1
 Beastly Appendage        Tmut           16%          3%          1
 Pain                     Necr           32%          3%          1
 Blink                    Tloc           N/A          3%          2
 Slow                     Hex            8%           5%          2
 Wereblood                Tmut           8%           5%          2
 Inner Flame              Hex/Fire       21%          6%          3
 Gell's Gravitas          Tloc           6%           7%          3
 Spider Form              Tmut/Pois      6%           7%          3
 Confusing Touch          Hex            8%           11%         3
 Vampiric Draining        Necr           4%           11%         3
 Passage of Golubria      Tloc           N/A          22%         4
 Animate Dead             Necr           4%           32%         4
 Dispel Undead            Necr           8%           32%         4
 Ice Form                 Ice/Tmut       8%           32%         4
 Starburst                Conj/Fire      19%          61%         6
 Agony                    Necr           8%           65%         5
 Blade Hands              Tmut           4%           65%         5
 Metabolic Englaciation   Hex/Ice        4%           65%         5
 Yara's Violent Unravell  Hex/Tmut       4%           65%         5
 Disjunction              Tloc           6%           100%        8
 Ignition                 Fire           15%          100%        8


Dungeon Overview and Level Annotations

Branches:
Dungeon (10/15)            Temple (1/1) D:5            Lair (6/6) D:10
 Shoals (0/4) Lair:3        Snake (0/4) Lair:2        Slime (0/5) Lair:6
    Orc (2/2) D:9         Ossuary (visited)         Gauntlet (visited)
    Elf: Orc:2

Altars:
Ashenzari
Cheibriados
Dithmenos
Elyvilon
Fedhas
Gozag
Hepliaklqana
Kikubaaqudgha
Makhleb
Nemelex Xobeh
Okawaru
Qazlal
Ru
Sif Muna
Trog
Uskayaw
Vehumet
Wu Jian
Xom
Yredelemnul
Zin
The Shining One

Shops:
D:6 *   D:7 !   D:9 [   Lair:1 ?

Annotations:
D:8 1 runed translucent door
Lair:1 2 transporters, exclusion: hydra, Hehehe's ghost, journeyman DDFi
Lair:4 1 runed translucent door, KittyFluff's ghost, journeyman GrBe


Innate Abilities, Weirdness & Mutations

You cannot wear most types of armour.
You are very stealthy in the water. (Stealth+)
You are amphibious.
You can wear up to eight rings at the same time.
You can use your tentacles to constrict eight enemies at once.
Your skin changes colour to match your surroundings (Stealth+).
Your rubbery body absorbs attacks. (AC +1, EV +1)
You have very sharp teeth.
Your mind is acute. (Int +2)
You are frail. (-10% HP)


Message History

The orc knight wields a +0 great mace.
The orc knight hits you with a +0 great mace!
The orc is no longer distracted by gold.
The centaur shoots an arrow.
The arrow hits you.
* * * LOW HITPOINT WARNING * * *
x2 The orc warrior closely misses the orc warrior.
The centaur shoots an arrow.
The arrow hits you but does no damage.
An orc warrior comes into view. It is wielding a +0 halberd.
An orc comes into view. It is wielding a +0 trident.
The orc warrior is engulfed in noxious fumes.
The orc warrior appears confused.
The centaur shoots an arrow.
The arrow hits you but does no damage.
The orc warrior is engulfed in noxious fumes.
The orc warrior appears confused.
The orc warrior laughs at nothing.
The orc warrior unwields a +0 arbalest.
The orc warrior wields a +0 glaive.
The orc warrior hits the orc warrior but does no damage.
The orc warrior hits you from afar with a cursed -1 halberd!!
You die...
Your body crumbles into a pile of gold.

...........
#.......... ...#
#........$. ....#
###..(..#.... ...##
#.#.((......... .....#
.(((........##.....#
..#.#..(.......#.....#
o.....(@............#
.....$oo.o...c<.....#
......o.o○...$......#
..##...oo.o.........##
. .....o......$......#
.......o$$$).$......#
.o.#....#...$.......##
..o..........$......##
#......#.c.....#


You could see an orc knight (confused), an orc sorcerer, 8 orc warriors, a
centaur and 3 orcs.

Vanquished Creatures
  A minotaur (Gauntlet)
  A death ooze (Gauntlet)
  6 hydras
  A catoblepas (Lair:4)
  2 two-headed ogres (D:9)
  An unseen horror (D:10)
  An orange crystal statue (Gauntlet)
  2 orc knights (Orc:1)
  An ugly thing (D:9)
  An elephant (Lair:6)
  2 black mambas
  A centaur skeleton (D:10)
  4 cane toads
  3 rime drakes
  2 komodo dragons
  A polar bear (Lair:3)
  5 trolls
  29 blink frogs
  A snapping turtle (Lair:3)
  A slime creature (Gauntlet)
  3 wraiths
  29 yaks
  3 wyverns
  3 basilisks (Lair:4)
  14 water moccasins
  An ice beast (D:10)
  4 black bears
  16 orc warriors
  2 sky beasts
  An eye of draining (D:10)
  3 phantoms
  9 wolves
  2 ogres
  11 centaurs
  2 big kobolds
  A wyvern zombie (D:9)
  16 bullfrogs
  2 scorpions
  5 killer bees (D:8)
  10 wights
  An electric eel (Lair:3)
  A quasit (D:10)
  4 bullfrog zombies
  A centaur zombie (D:10)
  10 orc priests
  A bullfrog skeleton (D:5)
  6 hounds
  4 jellies
  4 orc wizards
  6 worker ants
  7 hell rats (Lair:5)
  A hound zombie (D:6)
  A howler monkey skeleton (D:4)
  8 gnolls
  9 adders
  3 white imps
  An ufetubus (D:5)
  4 adder zombies
  A worm (D:2)
  A dart slug (D:1)
  7 leopard geckos
  44 orcs
  11 bats
  4 giant cockroaches
  3 goblins
  6 hobgoblins
  15 jackals
  2 quokkas
  6 frilled lizards
  6 gnoll skeletons (Ossuary)
  12 kobolds
  5 kobold skeletons (Ossuary)
  A leopard gecko skeleton (D:9)
  10 orc skeletons (Ossuary)
  6 rats
415 creatures vanquished.

Vanquished Creatures (collateral kills)
  A cane toad (Lair:1)
  A centaur skeleton (D:8)
  Prince Ribbit (D:6)
  A wraith (Ossuary)
  A sky beast (D:9)
  An ice beast (D:7)
  A phantom (D:5)
  2 ogres
  A centaur (D:9)
  3 bullfrogs (D:7)
  2 wyvern skeletons
  2 scorpions
  3 wights
  An orc priest (D:7)
  A worker ant (D:5)
  A mummy (Ossuary)
  An adder (Lair:1)
  3 gnolls (D:4)
  An ufetubus (D:6)
  2 orcs
  3 jackals
  A gnoll skeleton (Ossuary)
  A kobold skeleton (Ossuary)
  2 orc skeletons (Ossuary)
37 creatures vanquished.

Vanquished Creatures (others)
  An ooze (D:2)
  An orc (Orc:2)
  A kobold (D:2)
  28 fungi
  23 plants
  2 withered plants (Lair:4)
56 creatures vanquished.

Grand Total: 508 creatures vanquished

Notes
Turn   | Place    | Note
-------+----------+-------------------------------------------
     0 | D:1      | thiole the Octopode Hedge Wizard began the quest for the
                  | Orb.
     0 | D:1      | Reached XP level 1. HP: 11/11 MP: 4/4
   512 | D:1      | Reached XP level 2. HP: 17/17 MP: 4/6
  1621 | D:2      | Reached XP level 3. HP: 16/21 MP: 7/7
  1792 | D:2      | Reached skill level 1 in Fighting
  2780 | D:3      | Learned a level 2 spell: Blink
  2783 | D:3      | Learned a level 2 spell: Call Imp
  2787 | D:3      | Learned a level 3 spell: Mephitic Cloud
  2818 | D:3      | Reached XP level 4. HP: 29/29 MP: 5/8
  2929 | D:3      | Reached skill level 1 in Air Magic
  3034 | D:3      | Found a sparkling altar of Nemelex Xobeh.
  3561 | D:4      | Noticed a big kobold
  3580 | D:4      | Killed a big kobold
  3581 | D:4      | Reached XP level 5. HP: 34/34 MP: 5/9
  3630 | D:4      | Reached skill level 1 in Short Blades
  3852 | D:4      | Reached skill level 2 in Short Blades
  3852 | D:4      | Reached XP level 6. HP: 32/39 MP: 6/10
  4062 | D:4      | Found a sacrificial altar of Ru.
  4205 | D:5      | Entered Level 5 of the Dungeon
  4294 | D:5      | Found a staircase to the Ecumenical Temple.
  4510 | D:5      | Noticed a phantom
  4595 | D:5      | Found a sand-covered staircase.
  4608 | D:5      | Reached skill level 3 in Short Blades
  4610 | Ossuary  | Entered an ossuary
  4610 | Ossuary  | Noticed a wraith
  4610 | Ossuary  | Noticed a wraith
  4610 | Ossuary  | Noticed a wraith
  5047 | Ossuary  | Noticed a wraith
  5071 | Ossuary  | Killed a wraith
  5072 | Ossuary  | Reached skill level 4 in Short Blades
  5072 | Ossuary  | Reached XP level 7. HP: 39/45 MP: 7/12
  5330 | Temple   | Entered the Ecumenical Temple
  6415 | D:6      | Found a glowing silver altar of Zin.
  6490 | D:6      | Reached skill level 5 in Spellcasting
  6652 | D:6      | Found a burning altar of Makhleb.
  6797 | D:6      | Noticed Prince Ribbit
  6810 | D:6      | Killed Prince Ribbit
  6811 | D:6      | Reached XP level 8. HP: 30/52 MP: 4/15
  7128 | D:6      | Found Plog's Assorted Antiques.
  7155 | D:6      | Bought a gilded ring for 105 gold pieces
  7801 | D:7      | Reached skill level 1 in Shields
  8433 | D:7      | Identified the +1 robe of the Pit {rElec rC- Int+5}
  8457 | D:7      | Reached skill level 5 in Fighting
  8830 | D:7      | Reached XP level 9. HP: 40/61 MP: 4/16
  9066 | D:7      | Reached skill level 1 in Evocations
  9198 | D:7      | Found Riruaw's Distillery.
  9420 | D:7      | Found a shimmering blue altar of Sif Muna.
  9518 | D:8      | Found a stormy altar of Qazlal.
  9752 | D:8      | Found a white marble altar of Elyvilon.
  9805 | D:8      | Reached skill level 1 in Staves
 10442 | D:8      | Found an ancient bone altar of Kikubaaqudgha.
 10455 | D:8      | Found a runed translucent door.
 10455 | D:8      | Noticed an angel
 10456 | D:8      | Found a glowing golden altar of the Shining One.
 11120 | D:8      | Found an opulent altar of Gozag.
 11123 | D:8      | Became a worshipper of Gozag Ym Sagoz the Greedy
 11137 | D:8      | Reached skill level 5 in Dodging
 11395 | D:6      | Bought a buckler for 94 gold pieces
 11611 | D:9      | Found Waeff's Antique Armour Boutique.
 11639 | D:9      | Found a bloodstained altar of Trog.
 11779 | D:9      | Reached XP level 10. HP: 57/68 MP: 13/17
 12012 | D:9      | Reached skill level 5 in Short Blades
 12237 | D:9      | Found a bloodstained altar of Trog.
 12246 | D:9      | Found a staircase to the Orcish Mines.
 12277 | D:9      | Reached skill level 5 in Stealth
 12505 | D:9      | Noticed a two-headed ogre
 12527 | D:9      | Killed a two-headed ogre
 12528 | D:9      | Reached skill level 6 in Short Blades
 12755 | D:9      | Reached skill level 7 in Short Blades
 13143 | D:9      | Noticed a white ugly thing
 13161 | D:9      | Killed a white ugly thing
 13761 | D:10     | Entered Level 10 of the Dungeon
 13770 | D:10     | Found a staircase to the Lair.
 13770 | D:10     | Noticed a two-headed ogre
 13775 | D:10     | Reached skill level 8 in Short Blades
 14110 | D:9      | Bought a shiny buckler for 217 gold pieces
 14121 | D:9      | Gained mutation: Your body sometimes deteriorates upon
                  | taking damage. [potion of mutation]
 14121 | D:9      | Gained mutation: You have very sharp teeth. [potion of
                  | mutation]
 14121 | D:9      | Gained mutation: One of your tentacles bears a spike.
                  | [potion of mutation]
 14201 | D:7      | Bought a potion of mutation for 120 gold pieces
 14201 | D:7      | Lost mutation: One of your tentacles bears a spike. [potion
                  | of mutation]
 14201 | D:7      | Lost mutation: Your body sometimes deteriorates upon taking
                  | damage. [potion of mutation]
 14201 | D:7      | Gained mutation: You are frail. (-10% HP) [potion of
                  | mutation]
 14201 | D:7      | Gained mutation: Your mind is acute. (Int +2) [potion of
                  | mutation]
 14390 | D:9      | Killed a two-headed ogre
 14391 | D:9      | Reached skill level 9 in Short Blades
 14391 | D:9      | Reached XP level 11. HP: 57/64 MP: 2/18
 14758 | D:10     | Reached skill level 10 in Short Blades
 15494 | D:10     | Killed an unseen horror
 15495 | D:10     | Reached skill level 11 in Short Blades
 15752 | D:10     | Noticed a five-headed hydra
 15760 | D:10     | Killed a five-headed hydra
 16157 | Lair:1   | Entered Level 1 of the Lair of Beasts
 16280 | Lair:1   | Reached skill level 12 in Short Blades
 16474 | Lair:1   | Found a transporter.
 16475 | Lair:1   | Found a transporter.
 16475 | Lair:1   | Identified the +8 spear "Jellyslayer" {antimagic, +Inv
                  | rPois Str+4}
 16475 | Lair:1   | Noticed a spriggan rider
 16476 | Lair:1   | Noticed a moth of wrath
 16477 | Lair:1   | Noticed Hehehe's ghost (journeyman DDFi)
 16481 | Lair:1   | Found a bloodstained altar of Trog.
 16487 | Lair:1   | Noticed a moth of wrath
 16607 | Lair:1   | Reached XP level 12. HP: 71/71 MP: 14/21
 16762 | Lair:1   | Noticed a four-headed hydra
 16828 | Lair:1   | Noticed a four-headed hydra
 17243 | Lair:1   | Killed a four-headed hydra
 17660 | Lair:1   | Killed a four-headed hydra
 17897 | Lair:2   | Found a staircase to the Snake Pit.
 17897 | Lair:2   | Noticed a six-headed hydra
 17907 | Lair:2   | Reached skill level 5 in Evocations
 17913 | Lair:2   | Killed a six-headed hydra
 18923 | Lair:3   | Reached skill level 5 in Air Magic
 19086 | Lair:3   | Got an ichor-stained buckler
 19092 | Lair:3   | Identified the +0 buckler of Cloud Cover {rC+ Will+} (You
                  | found it on level 3 of the Lair of Beasts)
 19303 | Lair:3   | Found a staircase to the Shoals.
 19485 | Lair:3   | Reached XP level 13. HP: 74/74 MP: 16/25
 19667 | Lair:4   | You fall into a shaft and drop 2 floors!
 19667 | Lair:6   | Entered Level 6 of the Lair of Beasts
 19829 | Lair:5   | Found a gate leading to a gauntlet.
 19895 | Gauntlet | Entered a Gauntlet
 19895 | Gauntlet | Found a transporter.
 19895 | Gauntlet | Found a transporter.
 19895 | Gauntlet | Found a transporter.
 19895 | Gauntlet | Noticed a death ooze
 20218 | Gauntlet | Found a transporter.
 20218 | Gauntlet | Found a transporter.
 20227 | Gauntlet | Found a transporter.
 20241 | Gauntlet | Found a transporter.
 20249 | Gauntlet | Found a transporter.
 20267 | Gauntlet | Found a transporter.
 20275 | Gauntlet | Found a transporter.
 20292 | Gauntlet | Found a transporter.
 20349 | Gauntlet | Found a transporter.
 20457 | Gauntlet | Learned a level 4 spell: Petrify
 20457 | Gauntlet | Identified a scroll of acquirement
 20461 | Gauntlet | Learned a level 3 spell: Conjure Flame
 20498 | Gauntlet | Killed a death ooze
 20795 | Gauntlet | Noticed a death ooze
 20805 | Gauntlet | Got a coiled wooden ring
 20822 | Gauntlet | Noticed a minotaur
 20881 | Gauntlet | Killed a minotaur
 21126 | Gauntlet | Identified the Handbook of Excruciating Stolen Souls
 21132 | Gauntlet | Identified the Volume of the Sinister Traveller
 21469 | Lair:1   | Bought a scroll of identify for 28 gold pieces
 21469 | Lair:1   | Bought a scroll of fear for 49 gold pieces
 21469 | Lair:1   | Bought a scroll of enchant armour for 105 gold pieces
 21470 | Lair:1   | Identified the ring of Naty {rC+ rN+ MP+9 Int-2} (You found
                  | it in a Gauntlet)
 21478 | Lair:1   | Learned a level 5 spell: Lightning Bolt
 21485 | Lair:1   | Acquired the Almanac of Ignition
 21627 | Lair:4   | Found a runed translucent door.
 21627 | Lair:4   | Noticed KittyFluff's ghost (journeyman GrBe)
 21640 | Lair:4   | Reached skill level 1 in Fire Magic
 21675 | Lair:4   | Learned a level 4 spell: Sticky Flame
 22243 | Lair:4   | Reached skill level 5 in Conjurations
 22332 | Lair:4   | Reached skill level 10 in Fighting
 23185 | Orc:1    | Entered Level 1 of the Orcish Mines
 23659 | Orc:2    | Entered Level 2 of the Orcish Mines
 23668 | Orc:2    | Paralysed by an orc sorcerer for 3 turns
 25291 | Orc:2    | Paralysed by an orc sorcerer for 5 turns
 25295 | Orc:2    | Slain by an orc warrior

Illustrated notes

Levels and vault maps discovered:
D:1:      nzn_arrival_water_spiral, layout_basic
D:2:      layout_basic, grunt_decor_one_mirror, lemuel_old_faithful
D:3:      layout_loops_ring, kennysheep_nondescript, nemelex_lonely_heart_becter
D:4:      layout_cave_pools, nicolae_ru_the_path_less_chosen
D:5:      layout_basic, minmay_temple_entry_junction_2,
          chequers_ossuary_entry_cave, corexii_item_surrounded_by_moat,
          chequers_avenue
D:6:      layout_loops_ring, nicolae_overflow_crystal_walls, zin_academy,
          serial_shops, shop_coins, uniq_prince_ribbit1
D:7:      layout_rooms, serial_shops, kennysheep_mini_moat,
          lemuel_blue_sif_altar
D:8:      layout_cave_pools, kennysheep_mini, nicolae_qazlal_general_emergency,
          lemuel_round_altar, kennysheep_little_box, lemuel_angel_altar
D:9:      kennysheep_blocky_room, layout_long_grid, trog_ov_bears_minmay,
          david_orc_3, basic_altar, serial_shops, shop, grunt_potential
D:10:     layout_loops_ring, david_lair_generic
Temple:   eino_temple_lava
Lair:1:   layout_small_grid, gammafunk_ghost_wrathful_warriors,
          cheibrodos_lair_reptile_den
Lair:2:   layout_gridlike, dummy_snake_entry
Lair:3:   layout_chaotic_city, minmay_shoals_entry_hut, beast_lair_carwin_8
Lair:4:   layout_concentric_octagons, gammafunk_ghost_grave,
          infiniplex_staircase_pool_2, serial_bayou_shore_b
Lair:5:   layout_loops_ring, gauntlet_entry_generic
Lair:6:   grunt_lair_end_beastmaster, layout_cave_pods,
          dpeg_slime_entry_enclosed_altar, basic_altar, lemuel_fruit_fields,
          lemuel_fruit_fields, grunt_megastairs_5, serial_bayou_shore_a
Orc:1:    layout_diamond_mine, serial_shops
Orc:2:    st_orc_rangers, layout_caves, serial_shops,
          nicolae_shop_overgrown_old_shop, shop, shop_fountains

Skill      XL: |  1  2  3  4  5  6  7  8  9 10 11 12 13 |
---------------+----------------------------------------+-----
Conjurations   | 2 3 4 5 |  5.8
Fighting       | 1 2 3 5 6 11 | 11.3
Air Magic      | 2 3 7 8 |  8.0
Poison Magic   | 2 |  2.0
Short Blades   | 2 4 9 12 | 12.0
Spellcasting   | 5 6 8 |  8.0
Summonings     | 2 |  2.0
Shields        | 4 |  4.0
Evocations     | 3 7 |  7.0
Staves         | 4 |  4.0
Dodging        | 5 |  5.0
Stealth        | 3 8 9 |  9.0
Fire Magic     | 3 |  3.0
Translocations | |  1.0

Action                   |  1- 3 |  4- 6 |  7- 9 | 10-12 | 13-15 || total
-------------------------+-------+-------+-------+-------+-------++-------
Melee: Dagger            |    27 |       |       |       |    35 ||    62
       Constrict         |     9 |    18 |    54 |    53 |    33 ||   167
       Tentacles         |     5 |    17 |    45 |    88 |    47 ||   202
       Short sword       |     2 |       |    14 |   512 |   203 ||   731
       Staff             |       |    58 |   200 |       |    19 ||   277
       Bite              |       |       |       |    33 |    26 ||    59
 Cast: Magic Dart        |    67 |   116 |   186 |   154 |    49 ||   572
       Call Imp          |       |    25 |   120 |    42 |     6 ||   193
       Mephitic Cloud    |       |     1 |    24 |    61 |    28 ||   114
       Lightning Bolt    |       |       |       |       |    61 ||    61
       Sticky Flame      |       |       |       |       |     4 ||     4
       Conjure Flame     |       |       |       |       |     3 ||     3
Invok: Call Merchant     |       |       |       |       |     1 ||     1
Evoke: Wand              |       |     2 |    17 |     4 |     4 ||    27
  Use: Scroll            |       |     9 |    13 |    10 |    12 ||    44
       Potion            |       |     2 |     6 |    16 |    14 ||    38
 Stab: Sleeping          |     1 |     1 |     1 |     6 |     2 ||    11
       Distracted        |       |     2 |     3 |     1 |       ||     6
       Confused          |       |       |     5 |    48 |    14 ||    67
       Fleeing           |       |       |     1 |       |       ||     1
       Paralysed         |       |       |       |     1 |       ||     1
       Invisible         |       |       |       |       |     2 ||     2
Armor: Skin              |       |     7 |    34 |    80 |    56 ||   177
Dodge: Dodged            |    19 |    59 |   167 |   134 |   113 ||   492
Block: Buckler           |       |       |     4 |    58 |    46 ||   108
